 Dungeon Crawl Stone Soup version 0.22.1-1-ga44c0e56f4 (webtiles) character file.

9683 LLavrengius the Cleaver (level 11, -1/97 HPs)
             Began as a Centaur Hunter on Oct 29, 2018.
             Was a Priest of Makhleb.
             Slain by a sixfirhy (6 damage)
             ... summoned by the player character
             ... on level 11 of the Dungeon on Oct 30, 2018.
             The game lasted 00:38:14 (10020 turns).

LLavrengius the Cleaver (Centaur Hunter)           Turns: 10020, Time: 00:38:15

Health: -1/97      AC: 16    Str: 23    XL:     11   Next: 26%
Magic:  0/15       EV:  9    Int: 10    God:    Makhleb [***...]
Gold:   369        SH:  0    Dex:  9    Spells: 8/10 levels left

rFire    . . .     SeeInvis +   D - +14 obsidian axe {chop, +Fly SInv *Curse}
rCold    . . .     Gourm    .   (no shield)
rNeg     . . .     Faith    .   n - +7 ring mail "Bopoch" {rElec MR- Str+4}
rPois    .         Spirit   +   N - +0 helmet
rElec    +         Reflect  .   u - +0 cloak
rCorr    +         Harm     .   B - +0 pair of gloves
MR       .....                  (no barding)
Stlth    ..........             G - amulet of guardian spirit
HPRegen  0.26/turn              Q - ring of resist corrosion
MPRegen  0.14/turn              k - ring of protection from magic

@: about to teleport, mesmerised, hasted, very quick
A: large, hooves 3, deformed body, speed 2, tough skin 3
a: Minor Destruction, Lesser Servant of Makhleb, Renounce Religion, Evoke Flight


You were on level 11 of the Dungeon.
You worshipped Makhleb.
Makhleb was most pleased with you.
You were not hungry.

You visited 2 branches of the dungeon, and saw 12 of its levels.

You collected 514 gold pieces.
You spent 145 gold pieces at shops.

Inventory:

Hand Weapons
 a - a +1 shortbow
 D - the +14 obsidian axe (weapon) {chop, +Fly SInv *Curse}
   (You found it on level 4 of the Dungeon)

   It inflicts extra damage upon your enemies.
   It lets you see invisible.
   It lets you fly.
   It curses itself when equipped.
Missiles
 d - 142 arrows
 y - 10 tomahawks (quivered)
Armour
 n - the +7 ring mail "Bopoch" (worn) {rElec MR- Str+4}
   (You found it on level 5 of the Dungeon)

   It affects your strength (+4).
   It insulates you from electricity.
   It affects your resistance to hostile enchantments.
 u - a +0 cloak (worn)
 B - a +0 pair of gloves (worn)
 N - a +0 helmet (worn)
Jewellery
 k - a ring of protection from magic (right hand)
 F - an uncursed ring of see invisible
 G - an amulet of guardian spirit (around neck)
 Q - a ring of resist corrosion (left hand)
Wands
 q - a wand of random effects (17)
 r - a wand of iceblast (14)
 s - a wand of acid (12)
 v - a wand of paralysis (15)
 C - a wand of flame (21)
 P - a wand of disintegration (6)
Scrolls
 c - 2 scrolls of remove curse
 l - 7 scrolls of teleportation
 p - a scroll of vulnerability {unknown}
 z - 2 scrolls of magic mapping {unknown}
 H - a scroll of blinking
 J - a scroll of noise {unknown}
 M - a scroll of fear {unknown}
Potions
 b - a potion of haste
 e - a potion of berserk rage
 g - 3 potions of lignification
 h - a potion of agility {unknown}
 i - 4 potions of curing
 j - a potion of invisibility
 m - 2 potions of magic
 o - 2 potions of ambrosia
 t - a potion of cancellation {unknown}
 w - 2 potions of brilliance {unknown}
 x - 2 potions of might {unknown}
 E - 2 potions of degeneration {unknown}
 I - a potion of resistance
 K - a potion of flight {unknown}
 O - a potion of mutation {unknown}
Comestibles
 f - 19 rations
 L - 2 chunks of flesh


   Skills:
 + Level 9.6 Fighting
   Level 0.1 Short Blades
 * Level 11.0(11.1) Axes
   Level 1.0(7.1) Polearms
 - Level 9.0 Bows
 - Level 1.4 Armour
 - Level 1.3 Dodging
 - Level 0.4 Stealth
 + Level 2.7 Translocations
 + Level 5.7 Invocations


You had 8 spell levels left.
You knew the following spells:

 Your Spells              Type           Power        Failure   Level  Hunger
a - Blink                 Tloc           N/A          28%         2    ###....

Your spell library contained the following spells:

 Spells                   Type           Power        Failure   Level  Hunger
 Freeze                   Ice            #...         52%         1    ##.....
 Magic Dart               Conj           #...         52%         1    ##.....
 Call Imp                 Summ           #.......     65%         2    ###....
 Slow                     Hex            #.......     65%         2    ###....
 Throw Frost              Conj/Ice       #.....       65%         2    ###....
 Conjure Flame            Conj/Fire      #.......     87%         3    ####...
 Mephitic Cloud           Conj/Pois/Air  #.......     87%         3    ####...
 Ozocubu's Armour         Chrm/Ice       #.......     87%         3    ####...
 Summon Ice Beast         Ice/Summ       #.......     99%         4    #####..
 Throw Icicle             Conj/Ice       #.......     99%         4    #####..


Dungeon Overview and Level Annotations

Branches:
Dungeon (11/15)            Temple (1/1) D:7
   Lair: D:8-11         Orc: D:9-12

Altars:
Cheibriados
Dithmenos
Elyvilon
Fedhas
Gozag
Kikubaaqudgha
Makhleb
Nemelex Xobeh
Okawaru
Qazlal
Ru
Uskayaw
Vehumet
Wu Jian
Xom
Yredelemnul
Zin
The Shining One

Shops:
D:5 **   D:8 }   D:9 (


Innate Abilities, Weirdness & Mutations

You have hooves in place of feet.
Armour fits poorly on your strangely shaped body.
You cover ground very quickly.
You have extremely tough skin. (AC +3)


Message History

You slice the kobold demonologist!! You open a gate to Pandemonium!
A demon appears!
It doesn't seem very happy.
The kobold demonologist is severely wounded.
You slash the soul eater!
Visions of slaying the sixfirhy flood into your mind.
The soul eater hits you.
* * * LOW HITPOINT WARNING * * *
The killer bee stings your sixfirhy!
The crimson imp blinks!
You slice the kobold demonologist!! You open a gate to Pandemonium!
A demon appears!
You kill the kobold demonologist!
Makhleb accepts your kill.
The red devil disappears in a puff of smoke!
The quasit disappears in a puff of smoke!
The hellwing disappears in a puff of smoke!
You slash the sixfirhy! You closely miss the soul eater.
Visions of slaying the soul eater flood into your mind.
The sixfirhy barely misses you. The sixfirhy hits you.
You die... #.
P..P # #.# $... . .## .. .PP.P

...###..## .PP..
.#.#.. ..#......
....###.#K.§...
#.....4))K...P.
#..# #3@3K§P.P.
###..###3##§....P
#......§y........
#.##.(#.......5P.
#.##....#........
#.##.##.#(......#
#.##.##.#########
#..#.##.#
#######.#.##..


You could see a soul eater, a sixfirhy, 2 big kobolds, a killer bee, a crimson
imp, a kobold, a friendly hellwing and a friendly sixfirhy.

Vanquished Creatures
  A two-headed ogre (D:9)
  An unseen horror (D:10)
  2 kobold demonologists (D:11)
  A hornet (D:11)
  A troll (D:9)
  The ghost of kit10 the Slasher, an amateur DsGl (D:5)
  Grinder (D:6)
  2 hippogriffs
  6 yaks (D:10)
  A steam dragon (D:10)
  Menkaure (D:4)
  A soldier ant (D:9)
  Duvessa (D:6)
  2 water moccasins
  3 ice beasts
  3 sky beasts
  An orc warrior (D:9)
  2 black bears (D:11)
  3 phantoms
  6 ogres
  2 centaurs
  A big kobold (D:11)
  6 bullfrogs
  3 scorpions
  Dowan (D:6)
  4 killer bees
  3 howler monkeys
  7 wights (D:8)
  6 crimson imps
  3 centaur skeletons
  8 hounds
  4 jellies
  A bullfrog skeleton (D:9)
  A gnoll shaman (D:4)
  6 orc priests
  Crazy Yiuf (D:2)
  Terence (D:2)
  3 iguanas
  9 orc wizards
  6 worker ants
  A hound zombie (D:6)
  A howler monkey zombie (D:6)
  A worker ant zombie (D:9)
  5 gnolls (D:4)
  A howler monkey skeleton (D:6)
  12 adders
  2 shadow imps
  8 oozes
  An adder skeleton (D:6)
  4 worms
  A dart slug (D:3)
  4 leopard geckos
  37 orcs
  A ball python (D:3)
  6 giant cockroaches
  4 goblins
  6 hobgoblins
  9 jackals
  4 kobolds
  8 quokkas
  5 bats
  6 frilled lizards
  A leopard gecko skeleton (D:7)
  A quokka zombie (D:6)
  4 rats
249 creatures vanquished.

Vanquished Creatures (collateral kills)
  A yak (D:10)
  Grum (D:10)
  2 ice beasts (D:10)
  A phantom (D:7)
  3 wolves (D:10)
  3 wights (D:8)
  A hound (D:8)
  An orc priest (D:10)
  An orc wizard (D:8)
  A hound skeleton (D:8)
  An orc (D:10)
16 creatures vanquished.

Vanquished Creatures (others)
  An orc wizard (D:4)
  5 toadstools (D:1)
6 creatures vanquished.

Grand Total: 271 creatures vanquished

Notes
Turn   | Place    | Note
-------+----------+-------------------------------------------
     0 | D:1      | LLavrengius the Centaur Hunter began the quest for the Orb.
     0 | D:1      | Reached XP level 1. HP: 17/17 MP: 1/1
   576 | D:1      | Reached XP level 2. HP: 24/24 MP: 2/2
   944 | D:2      | Noticed Terence
   971 | D:2      | Killed Terence
   971 | D:2      | Reached XP level 3. HP: 28/29 MP: 3/3
  1177 | D:2      | Reached XP level 4. HP: 35/37 MP: 4/4
  1204 | D:2      | Found a runed door.
  1335 | D:2      | Noticed Crazy Yiuf
  1351 | D:2      | Killed Crazy Yiuf
  1404 | D:2      | Found an ornate altar of the Wu Jian Council.
  1545 | D:2      | Found an ancient bone altar of Kikubaaqudgha.
  1795 | D:2      | Found a shadowy altar of Dithmenos.
  1857 | D:3      | Reached skill level 1 in Armour
  1857 | D:3      | Reached XP level 5. HP: 36/42 MP: 5/5
  2944 | D:3      | Reached skill level 1 in Polearms
  3168 | D:3      | Reached XP level 6. HP: 51/51 MP: 6/6
  3254 | D:4      | Noticed Menkaure
  3261 | D:4      | Killed Menkaure
  3726 | D:4      | Found the cursed +14 obsidian axe {chop, +Fly SInv *Curse}
  3749 | D:4      | Reached XP level 7. HP: 49/59 MP: 7/7
  3751 | D:4      | Reached skill level 1 in Axes
  4099 | D:4      | Reached skill level 2 in Axes
  4497 | D:4      | Found a sacrificial altar of Ru.
  4569 | D:4      | Reached skill level 3 in Axes
  4694 | D:4      | Found a sparkling altar of Nemelex Xobeh.
  4944 | D:5      | Entered Level 5 of the Dungeon
  4976 | D:5      | Reached skill level 5 in Fighting
  4978 | D:5      | Found Puatt's Assorted Antiques.
  5218 | D:5      | Bought a cabochon ring for 145 gold pieces
  5252 | D:5      | Got a pitted ring mail
  5263 | D:5      | Identified the +7 ring mail "Bopoch" {rElec MR- Str+4} (You
                  | found it on level 5 of the Dungeon)
  5420 | D:5      | Reached skill level 4 in Axes
  5420 | D:5      | Reached XP level 8. HP: 65/68 MP: 8/8
  5458 | D:5      | Noticed kit10's ghost (amateur DsGl)
  5459 | D:5      | Found a runed gate.
  5459 | D:5      | Found a runed gate.
  5461 | D:5      | Found a runed gate.
  5479 | D:5      | Killed kit10's ghost
  5479 | D:5      | Reached skill level 5 in Axes
  5671 | D:5      | Found a sparkling altar of Nemelex Xobeh.
  5709 | D:5      | Found a snail-covered altar of Cheibriados.
  5974 | D:5      | Found an opulent altar of Gozag.
  5976 | D:5      | Found Gozag's Platinum Reserve.
  6043 | D:6      | Reached skill level 6 in Axes
  6244 | D:6      | Noticed Grinder
  6254 | D:6      | Killed Grinder
  6254 | D:6      | Reached skill level 7 in Axes
  6254 | D:6      | Reached XP level 9. HP: 56/78 MP: 9/9
  6663 | D:6      | Noticed Dowan
  6664 | D:6      | Killed Dowan
  6664 | D:6      | Noticed Duvessa
  6668 | D:6      | Killed Duvessa
  6670 | D:6      | Found a hide-covered altar of Uskayaw.
  6670 | D:6      | Found a faded altar of an unknown god.
  6677 | D:6      | Found a basalt altar of Yredelemnul.
  6679 | D:6      | Found a faded altar of an unknown god.
  6680 | D:6      | Found a radiant altar of Vehumet.
  6907 | D:7      | Reached skill level 8 in Axes
  7082 | D:7      | Found a staircase to the Ecumenical Temple.
  7095 | Temple   | Entered the Ecumenical Temple
  7129 | Temple   | Became a worshipper of Makhleb the Destroyer
  7656 | D:8      | Reached skill level 1 in Invocations
  7659 | D:8      | Reached skill level 9 in Axes
  7800 | D:8      | Reached * piety under Makhleb
  7818 | D:8      | Reached XP level 10. HP: 81/88 MP: 11/11
  8306 | D:8      | Found Wetiun's Gadget Shoppe.
  8417 | D:9      | Reached ** piety under Makhleb
  8571 | D:9      | Found Fetabb's Weapon Shoppe.
  9059 | D:9      | Noticed a two-headed ogre
  9065 | D:9      | Killed a two-headed ogre
  9065 | D:9      | Reached skill level 10 in Axes
  9329 | D:9      | Learned a level 2 spell: Blink
  9355 | D:10     | Entered Level 10 of the Dungeon
  9486 | D:10     | Reached skill level 1 in Translocations
  9490 | D:10     | Reached skill level 5 in Invocations
  9492 | D:10     | Reached *** piety under Makhleb
  9519 | D:10     | Noticed Grum
  9526 | D:10     | Killed Grum
  9619 | D:10     | Noticed an unseen horror
  9623 | D:10     | Killed an unseen horror
  9623 | D:10     | Reached XP level 11. HP: 95/97 MP: 14/14
  9999 | D:11     | Noticed a sun demon
 10010 | D:11     | Reached skill level 11 in Axes
 10011 | D:11     | Noticed a soul eater
 10016 | D:11     | HP: 4/97 [soul eater/drain life[the player character] (8)]
 10019 | D:11     | Noticed a sixfirhy
 10020 | D:11     | Slain by a sixfirhy

Skill      XL: |  1  2  3  4  5  6  7  8  9 10 11 |
---------------+----------------------------------+-----
Bows           | 6 7 8 9 |  9.0
Armour         | 1 |  1.4
Fighting       | 3 4 5 6 8 9 |  9.6
Polearms       | 1 |  1.0
Axes           | 4 7 9 10 11 | 11.0
Invocations    | 2 5 |  5.7
Translocations | 2 |  2.7
Short Blades   | |  0.1
Dodging        | |  1.3
Stealth        | |  0.4

Action                   |  1- 3 |  4- 6 |  7- 9 | 10-12 || total
-------------------------+-------+-------+-------+-------++-------
Melee: Short sword       |    47 |       |       |       ||    47
       Kick              |    16 |    26 |    25 |    36 ||   103
       Spear             |    24 |   112 |       |       ||   136
       Broad axe         |       |     5 |   187 |   149 ||   341
 Fire: Shortbow          |    26 |   112 |       |       ||   138
Throw: Tomahawk          |       |     7 |       |       ||     7
  Use: Scroll            |       |       |    12 |     3 ||    15
       Potion            |       |       |       |     3 ||     3
  Eat: Chunk             |       |     7 |    11 |     5 ||    23
Armor: Plate armour      |    56 |   103 |    37 |       ||   196
       Ring mail         |       |       |    52 |    69 ||   121
Dodge: Dodged            |     7 |    19 |    53 |    63 ||   142
